 Seeded DCSS version 0.30.0-18-gc0e69614cb (webtiles) character file.

Game seed: 6351066067085065685 (custom seed)

1085 Esekla the Covert (level 8, -2/54 HPs)
             Began as an Octopode Delver on May 24, 2023.
             Was an Initiate of Gozag.
             Constricted to death by Pikel (3 damage)
             ... on level 6 of the Dungeon.
             The game lasted 00:25:49 (5986 turns).

Esekla the Covert (Octopode Delver)                 Turns: 5986, Time: 00:25:50

Health: -2/54      AC:  5    Str:  9    XL:     8   Next: 30%
Magic:  11/11      EV: 12    Int: 15    God:    Gozag
Gold:   132        SH:  0    Dex: 16    Spells: 12/12 levels left

rFire   . . .        a - +5 rapier of the Hero {heavy, rN+ Dex+3}
rCold   . . .        (no shield)
rNeg    + + .        (helmet restricted)
rPois   +            i - amulet of magic regeneration
rElec   +            n - ring of Greed {rElec rPois rN+ AC+4 Str-2}
rCorr   .            (no ring)
SInv    .            (no ring)
Will    .....        (no ring)
Stlth   +++++        (no ring)
HPRegen 0.29/turn    (no ring)
MPRegen 0.52/turn    (no ring)
                     (no ring)

%: no passive effects
@: brilliant, grasped by roots, constricted
A: almost no armour, amphibious, 8 rings, camouflage 1, gelatinous body 1,
(nimble swimmer 1), tentacles
a: Renounce Religion, Potion Petition, Call Merchant, Bribe Branch


You were on level 6 of the Dungeon.
You worshipped Gozag.
Gozag was aware of your devotion.
You visited 2 branches of the dungeon, and saw 7 of its levels.

You collected 930 gold pieces.
You spent 758 gold pieces at shops.
You paid 40 gold pieces to Gozag.

Inventory:

Hand Weapons
 a - the +5 rapier of the Hero (weapon) {heavy, rN+ Dex+3}
   (You found it on level 3 of the Dungeon)

   Dex:       It affects your dexterity (+3).
   rN:        It protects you from negative energy.
 r - a +1 trident
Missiles
 u - 24 poisoned darts (quivered)
 z - a throwing net
Jewellery
 i - an amulet of magic regeneration (around mantle)
 n - the ring of Greed (left tentacle) {rElec rPois rN+ AC+4 Str-2}
   (You bought it in a shop on level 2 of the Dungeon)

   [ring of protection]

   AC:        It affects your AC (+4).
   Str:       It affects your strength (-2).
   rElec:     It insulates you from electricity.
   rPois:     It protects you from poison.
   rN:        It protects you from negative energy.
Wands
 f - a wand of digging (3)
 g - a wand of flame (15)
 s - a wand of roots (16)
Scrolls
 b - 3 scrolls of fog
 c - 2 scrolls of magic mapping
 k - 2 scrolls of blinking {unknown}
 m - 6 scrolls of identify {unknown}
 p - a scroll of immolation {unknown}
 q - 2 scrolls of amnesia {unknown}
 v - a scroll of enchant armour {unknown}
 w - 2 scrolls of enchant weapon
 x - a scroll of silence {unknown}
 y - a scroll of summoning {unknown}
Potions
 d - a potion of curing
 e - 3 potions of attraction {unknown}
 h - 2 potions of brilliance
 j - a potion of lignification {unknown}
 l - 2 potions of heal wounds {unknown}
 o - 2 potions of ambrosia {unknown}
 A - a potion of mutation {unknown}


   Skills:
 * Level 4.5 Fighting
 + Level 3.0(4.3) Short Blades
 * Level 4.7(5.2) Long Blades
 + Level 0.6 Throwing
 * Level 4.1 Dodging
 + Level 9.5 Stealth
 * Level 2.5 Spellcasting


You had 12 spell levels left.
You didn't know any spells.
Your spell library contained the following spells:

 Spells                   Type           Power      Damage    Failure   Level
 Lesser Beckoning         Tloc           4%         N/A       32%         2
 Gell's Gravitas          Tloc           2%         N/A       54%         3
 Spider Form              Tmut/Pois      2%         N/A       54%         3
 Teleport Other           Tloc           2%         N/A       54%         3
 Cause Fear               Hex            1%         N/A       91%         4
 Summon Mana Viper        Hex/Summ       2%         N/A       99%         5


Dungeon Overview and Level Annotations

Branches:
Dungeon (6/15)             Temple (1/1) D:6

Altars:
Cheibriados
Dithmenos
Fedhas
Gozag
Hepliaklqana
Okawaru
Qazlal
Trog
Vehumet
Wu Jian
Xom
Zin
The Shining One

Shops:
D:2 =   D:4 (

Annotations:
D:6 Blork the orc, Pikel


Innate Abilities, Weirdness & Mutations

You cannot wear most types of armour.
You are amphibious.
You can wear up to eight rings at the same time.
Your skin changes colour to match your surroundings (Stealth+).
Your rubbery body absorbs attacks. (AC +1, EV +1)
((You are camouflaged when in or above water. (Stealth+)))
You have tentacles for arms and can constrict up to eight enemies at once.


Message History

Pikel burns you.
* * * LOW HITPOINT WARNING * * *
You feel better.
Pikel hits you with a +1 whip of flaming.
Pikel burns you.
You hit Pikel. Your grab misses Pikel.
Pikel is lightly wounded.
Pikel hits you with a +1 whip of flaming.
* * * LOW HITPOINT WARNING * * *
Pikel burns you.
* * * LOW HITPOINT WARNING * * *
You hit Pikel but do no damage. You grab Pikel. You squeeze Pikel.
Pikel is lightly wounded.
You constrict Pikel, but do no damage.
Pikel zaps a wand.
The roots erupt in riotous growth!
The grasping roots grab you!
Pikel is unaffected.
The grasping roots constrict you!
* * * LOW HITPOINT WARNING * * *
Pikel says, "All the lords of Hell know my name!"
Pikel hits you but does no damage. The grasping roots constrict you.
* * * LOW HITPOINT WARNING * * *
You hear a shout!
You feel better.
You constrict Pikel, but do no damage.
Pikel hits you with a +1 whip of flaming.
* * * LOW HITPOINT WARNING * * *
Pikel burns you.
* * * LOW HITPOINT WARNING * * *
The grasping roots constrict you.
* * * LOW HITPOINT WARNING * * *
You feel better.
You constrict Pikel. Pikel closely misses you.
The grasping roots constrict you!
* * * LOW HITPOINT WARNING * * *
The grasping roots release their grip on you.
It was a potion of brilliance.
You feel clever all of a sudden.
You constrict Pikel.
Pikel zaps a wand.
The roots erupt in riotous growth!
The grasping roots grab you!
Pikel is unaffected.
The grasping roots constrict you.
You die...
Your body crumbles into a pile of gold.

#.##.##.#
#.......
#.##.##.#
#.#.#.#.
#.##.##K#
#(......
#.......#
#.#[...5
####Y####
####.......
#5###
#.....#...>.
#.55#
#......[....
###K#
#.....#.....
#@#
#...........
#.#
#.....#.#.#.
#.#
#####.......
#.. ####.###
#.## ##.###
#.# #...[.
#.. #...##
#.# #.....
#.# #.#.#.


You could see Pikel, an ice beast, 2 lemures and a white imp.

Vanquished Creatures
  2 black bears
  An ogre (D:5)
  A kobold brigand (D:6)
  2 scorpions (D:5)
  A gnoll bouda (D:4)
  5 hounds
  A jelly (D:6)
  A sleepcap (D:4)
  4 iguanas
  12 gnolls
  9 adders
  A white imp (D:5)
  An ufetubus (D:6)
  A worm (D:4)
  3 dart slugs
  10 orcs
  6 ball pythons
  4 endoplasms
  8 goblins
  5 hobgoblins
  A quokka (D:1)
  4 bats
  4 frilled lizards
  12 kobolds
  A rat (D:2)
100 creatures vanquished.

Notes
Turn   | Place    | Note
-------+----------+-------------------------------------------
     0 | D:5      | Esekla the Octopode Delver began the quest for the Orb.
     0 | D:5      | Reached XP level 1. HP: 16/16 MP: 1/1
    42 | D:5      | Noticed an iguana
    82 | D:5      | Reached XP level 2. HP: 6/21 MP: 2/2
   173 | D:5      | Found a shadowy altar of Dithmenos.
   231 | D:5      | Reached skill level 7 in Stealth
   241 | D:5      | Noticed a scorpion
   252 | D:5      | Got the Parchment of the Lumpy Olives
   447 | D:6      | Noticed an ice beast
   483 | D:6      | Noticed a sky beast
   618 | D:6      | Found a staircase to the Ecumenical Temple.
   619 | D:6      | Noticed a lemure
   620 | D:6      | Noticed Pikel
   621 | D:6      | Noticed a lemure
   621 | D:6      | Noticed a lemure
   622 | D:6      | Noticed a lemure
   628 | Temple   | Entered the Ecumenical Temple
   645 | Temple   | Became a worshipper of Gozag Ym Sagoz the Greedy
   844 | D:3      | Reached XP level 3. HP: 16/26 MP: 3/3
  1278 | D:2      | Found Renulab's Jewellery Shop.
  1666 | D:1      | Reached XP level 4. HP: 31/31 MP: 5/5
  1817 | D:3      | Identified the +5 rapier of the Hero {heavy, rN+ Dex+3}
  2232 | D:2      | Noticed a black bear
  2240 | D:2      | Killed a black bear
  2241 | D:2      | Reached skill level 1 in Spellcasting
  2241 | D:2      | Reached XP level 5. HP: 18/36 MP: 6/6
  2422 | D:2      | Found a faded altar of an unknown god.
  2699 | D:3      | Found a stormy altar of Qazlal.
  2702 | D:3      | Found a hazy altar of Hepliaklqana.
  2702 | D:3      | Found a bloodstained altar of Trog.
  2705 | D:3      | Reached XP level 6. HP: 43/43 MP: 8/8
  2709 | D:3      | Reached skill level 1 in Short Blades
  3057 | D:4      | Found a radiant altar of Vehumet.
  3070 | D:4      | Found an iron altar of Okawaru.
  3082 | D:4      | Found a glowing silver altar of Zin.
  3243 | D:4      | Found Ponaysk's Antique Weapon Boutique.
  3399 | D:4      | Reached skill level 8 in Stealth
  3535 | D:4      | Found a glowing golden altar of the Shining One.
  4374 | D:5      | Reached XP level 7. HP: 47/47 MP: 9/9
  4785 | D:5      | Reached skill level 9 in Stealth
  5319 | D:6      | Reached XP level 8. HP: 54/54 MP: 11/11
  5536 | D:2      | Bought the ring of Greed {rElec rPois rN+ AC+4 Str-2} for
                  | 758 gold pieces
  5699 | D:6      | Found a blossoming altar of Fedhas.
  5912 | D:6      | Noticed Blork the orc
  5983 | D:6      | HP: 2/54 [constriction (2)]
  5986 | D:6      | Constricted to death by Pikel

Illustrated notes

Levels and vault maps discovered:
D:1:      sevenhm_arrival_forest_fort_small_3, layout_rooms,
          chequers_serial_rivers_room_b, minmay_misc_feat_five
D:2:      layout_loops_ring, dreamdust_ecumenical_altar_angels_and_demons,
          serial_shops, shop
D:3:      layout_basic, grunt_temple_overflow_open, minmay_misc_feat_iff
D:4:      layout_basic, nicolae_overflow_quartered_altars, serial_shops,
          nicolae_diamond_shop
D:5:      layout_loops_ring, lemuel_doored_altar, minmay_misc_feat_rows,
          dreamdust_wishing_well
D:6:      layout_loops_cross, fedhas_altar_fruit_tree,
          minmay_temple_entry_glass, uniq_pikel, uniq_blork_the_orc
Temple:   compressed_dpeg_circular_temple

Skill      XL: |  1  2  3  4  5  6  7  8 |
---------------+-------------------------+-----
Stealth        | 7 8 9 |  9.5
Long Blades    | 3 4 |  4.7
Spellcasting   | 1 2 |  2.5
Short Blades   | 1 2 3 |  3.0
Dodging        | 3 4 |  4.1
Fighting       | 4 |  4.5
Throwing       | |  0.6

Action                     |  1- 3 |  4- 6 |  7- 9 || total
---------------------------+-------+-------+-------++-------
  Melee: Falchion          |    40 |     4 |       ||    44
         Tentacles         |     7 |    10 |    13 ||    30
         Constrict         |     9 |    17 |    14 ||    40
         Punch             |     2 |     2 |     1 ||     5
         Dagger            |    13 |       |       ||    13
         Rapier            |       |    59 |    55 ||   114
  Throw: Dart              |       |     1 |     9 ||    10
    Use: Scroll            |     2 |       |     3 ||     5
         Potion            |     1 |       |     5 ||     6
   Stab: Sleeping          |    11 |    13 |     6 ||    30
         Distracted        |       |     2 |       ||     2
 Armour: Skin              |     5 |       |     7 ||    12
  Dodge: Dodged            |    28 |    24 |    39 ||    91
